 Dungeon Crawl Stone Soup version 0.21.1-1-g345015fe64 (webtiles) character file.

166993 Mirvelgyr the Executioner (level 17, -16/249 HPs)
             Began as a Minotaur Berserker on Jan 14, 2018.
             Was the Champion of Trog.
             Demolished by a wolf spider (28 damage)
             ... on level 2 of the Spider Nest on July 13, 2018.
             The game lasted 01:04:34 (25833 turns).

Mirvelgyr the Executioner (Minotaur Berserker)     Turns: 25833, Time: 01:04:34

Health: -16/249    AC: 30    Str: 31    XL:     17   Next: 5%
Magic:  5/5        EV: 14    Int:  4    God:    Trog [******]
Gold:   898        SH:  0    Dex: 16    Spells: 16/16 levels left

rFire    + . .     SeeInvis .   O - +6 executioner's axe (antimagic)
rCold    + . .     Gourm    .   (shield currently unavailable)
rNeg     . . .     Faith    .   f - +1 plate armour {rC+}
rPois    +         Spirit   .   J - +2 hat
rElec    +         Reflect  .   I - +2 cloak {MR+}
rCorr    .         Harm     .   u - +0 pair of gloves {Dex+3}
MR       ++++.     Clarity  +   y - +2 pair of boots
Stlth    ..........             x - amulet of regeneration
HPRegen  1.91/turn              a - ring of protection from fire
MPRegen  0.09/turn              q - ring of poison resistance

@: berserking, very slightly contaminated, regenerating, very quick
A: retaliatory headbutt, fangs 1, horns 2, clarity, electricity resistance
}: 1/15 runes: decaying
a: Berserk, Trog's Hand, Brothers in Arms, Burn Spellbooks, Renounce Religion


You were on level 2 of the Spider Nest.
You worshipped Trog.
Trog was exalted by your worship.
You were near starving.

You visited 5 branches of the dungeon, and saw 29 of its levels.

You collected 2289 gold pieces.
You spent 1391 gold pieces at shops.

Inventory:

Hand Weapons
 O - a +6 antimagic executioner's axe (weapon)
Armour
 f - a +1 plate armour of cold resistance (worn)
 u - a +0 pair of gloves of dexterity (worn)
 y - a +2 pair of boots (worn)
 I - a +2 cloak of magic resistance (worn)
 J - a +2 hat (worn)
Jewellery
 a - a ring of protection from fire (left hand)
 m - an uncursed ring of protection from cold
 q - a ring of poison resistance (right hand)
 s - the amulet "Filala" {+Rage rElec rN+ MR+ MP+9}
   (You found it on level 6 of the Lair of Beasts)

   [amulet of rage]

   It insulates you from electricity.
   It protects you from negative energy.
   It affects your resistance to hostile enchantments.
   It affects your magic capacity (+9).
   It lets you go berserk.
 x - an amulet of regeneration (around neck)
 P - a +2 ring of dexterity
Wands
 v - a wand of digging (17)
Scrolls
 g - 5 scrolls of identify
 h - 2 scrolls of fog
 p - 11 scrolls of remove curse
 r - 7 scrolls of teleportation
 A - 4 scrolls of blinking
 B - 3 scrolls of fear
 D - a scroll of vulnerability
 F - 3 scrolls of holy word
Potions
 e - 3 potions of brilliance
 j - 5 potions of invisibility
 k - 2 potions of resistance
 l - 7 potions of might
 o - a potion of mutation
 t - 5 potions of heal wounds
 w - 4 potions of lignification
 z - 3 potions of flight
 E - 3 potions of magic
 G - 3 potions of haste
 H - 8 potions of cancellation
 N - 2 potions of agility
Comestibles
 c - 23 rations


   Skills:
 + Level 18.9 Fighting
 * Level 22.4 Axes
 - Level 16.9 Armour
 - Level 8.9 Dodging


You had 16 spell levels left.
You didn't know any spells.

Dungeon Overview and Level Annotations

Branches:
Dungeon (14/15)            Temple (0/1) D:6            Lair (6/6) D:8
  Swamp (4/4) Lair:2       Spider (3/4) Lair:3        Slime (0/5) Lair:6
    Orc (2/2) D:12            Elf (0/3) Orc:2
 Vaults: D:13-14

Altars:
Ashenzari
Cheibriados
Gozag
Hepliaklqana
Makhleb
Nemelex Xobeh
Okawaru
Qazlal
Ru
Sif Muna
Trog
Uskayaw
Wu Jian
Xom
The Shining One
Beogh

Shops:
D:6 **!(   D:12 [[   Orc:2 *[==}

Annotations:
Lair:6 1 runed door, exclusion: 6 oklob plants
Spider:3 Nikola


Innate Abilities, Weirdness & Mutations

You reflexively headbutt those who attack you in melee.
You have a pair of horns on your head.
You have very sharp teeth.
You possess an exceptional clarity of mind.
You are resistant to electric shocks. (rElec)


Message History

The jumping spider closely misses you. The wolf spider misses you.
You furiously retaliate!
You headbutt the wolf spider, but do no damage.
The wolf spider barely misses you. The jumping spider barely misses you.
You furiously retaliate!
You headbutt the jumping spider! The jumping spider barely misses you.
The wolf spider hits you.
* * * LOW HITPOINT WARNING * * *
The wolf spider misses you.
A red film seems to cover your vision as you go berserk!
You feel yourself moving faster!
You feel mighty!
You are feeling very hungry.
You are near starving!
The jumping spider pounces on you.
* * * LOW HITPOINT WARNING * * *
The jumping spider bites you but does no damage.
The wolf spider hits you.
* * * LOW HITPOINT WARNING * * *
The wolf spider bites you but does no damage.
The jumping spider closely misses you. The jumping spider barely misses you.
The wolf spider hits you!!
You die...

##..#≈≈#.##[...#.#
#....≈####....#..#
##...#......#..#..
#...###...#.#.^...
###...##.#####.#.##
#....##### ##....#
##..## #..#..#
##s..# ##.#<.#
#s@.## ###..^ ###.#
#...^. ### ####..#.
##.#...## #....#.##
###..###. #....#..
########


You could see a wolf spider (berserk) and a jumping spider (berserk).

Vanquished Creatures
  A thorn hunter (Swamp:4)
  Agnes (Spider:1)
  Donald (Swamp:1)
  Louise (Swamp:1)
  Aizul (Swamp:3)
  2 entropy weavers (Spider:1)
  3 spark wasps
  Josephine (D:10)
  An ogre mage (Orc:1)
  A ghost crab (Swamp:3)
  23 hydras
  Harold (D:12)
  A catoblepas (Lair:6)
  Erica (D:10)
  Erolcha (D:12)
  A centaur warrior (D:13)
  7 alligators
  A queen ant (Spider:1)
  11 two-headed ogres
  A death knight (D:13)
  5 death yaks (Lair:2)
  4 orc high priests (Orc:2)
  Urug (D:12)
  3 spriggans
  A skeletal warrior (D:13)
  A spriggan druid (Swamp:4)
  8 swamp dragons
  2 shambling mangroves
  A wizard (D:10)
  10 orb spiders
  3 lindwurms
  The ghost of kalosz4 the Cleaver, a novice HOFi of Trog (D:6)
  5 orc sorcerers
  8 wolf spiders
  8 ugly things
  A cyclops (D:7)
  A manticore (D:14)
  14 elephants
  Joseph (D:7)
  A centaur zombie (D:12)
  Maurice (Orc:2)
  6 torpor snails
  5 black mambas
  11 spiny frogs
  A gargoyle (D:12)
  A kobold demonologist (D:13)
  A centaur skeleton (D:13)
  4 rime drakes
  2 freezing wraiths (D:13)
  9 komodo dragons
  5 demonic crawlers
  A queen bee (D:10)
  5 trolls
  8 tyrant leeches
  13 jumping spiders
  19 hornets
  11 polar bears
  5 raiju (Lair:6)
  13 slime creatures
  A bog body (Swamp:2)
  11 blink frogs
  9 hippogriffs
  4 dream sheep (Lair:6)
  35 redbacks
  6 wraiths
  3 wyverns
  15 tarantellas
  A steam dragon (D:11)
  42 yaks
  2 basilisks
  A hungry ghost (D:13)
  9 wargs
  8 vampire mosquitoes
  Edmund (D:5)
  6 insubstantial wisps (Swamp:4)
  24 swamp worms
  Duvessa (D:7)
  15 water moccasins
  The ghost of Htamos the Gusty, an amateur TeAE (D:3)
  The ghost of Htamos the Magician, an amateur DEWz (D:4)
  7 soldier ants (Spider:1)
  12 hell hounds (Lair:6)
  19 orc warriors
  9 porcupines
  12 swamp drakes
  2 hornet zombies
  2 sky beasts
  4 phantoms
  3 ice beasts (D:11)
  A necrophage (D:11)
  16 ogres
  13 black bears
  22 centaurs
  32 wolves
  13 crocodiles
  3 big kobolds
  18 bullfrogs
  A scorpion (D:6)
  Dowan (D:7)
  31 killer bees
  4 wights (D:11)
  2 electric eels
  3 howler monkeys
  8 crimson imps
  2 bullfrog zombies (D:10)
  A quasit (D:6)
  3 hounds
  4 jellies
  A bullfrog skeleton (D:7)
  36 orc priests
  Jessica (D:3)
  5 iguanas
  29 worker ants
  Ijyb (D:3)
  Terence (D:3)
  27 orc wizards
  A hound zombie (D:10)
  A mummy (D:6)
  8 gnolls
  13 adders
  A shadow imp (D:12)
  3 worms
  4 dart slugs
  3 leopard geckos
  77 orcs
  A ball python (D:1)
  6 bats
  7 giant cockroaches
  5 goblins
  14 hobgoblins
  7 jackals
  4 quokkas
  7 frilled lizards
  26 kobolds
  A quokka skeleton (D:6)
  3 rats
  6 fungi
  6 plants
1010 creatures vanquished.

Vanquished Creatures (collateral kills)
  A killer bee (D:10)
1 creature vanquished.

Vanquished Creatures (others)
  A wolf spider (Spider:3)
  A jumping spider (Spider:3)
  A blink frog (Swamp:4)
  3 tarantellas (Spider:3)
  A redback (Spider:1)
  5 killer bees (D:11)
  An orc (D:8)
  4 jackals (D:11)
  6 fungi
  12 plants (Lair:6)
35 creatures vanquished.

Grand Total: 1046 creatures vanquished

Notes
Turn   | Place    | Note
-------+----------+-------------------------------------------
     0 | D:1      | Mirvelgyr the Minotaur Berserker began the quest for the Orb.
     0 | D:1      | Reached XP level 1. HP: 19/19 MP: 0/0
     0 | D:1      | Upgraded the game from 0.21.0-3-g78d12a8bdd to 0.21.1-1-g345015fe64
    43 | D:1      | Reached skill level 4 in Axes
    58 | D:1      | Reached XP level 2. HP: 27/27 MP: 1/1
   165 | D:1      | Reached ** piety under Trog
   315 | D:1      | Reached XP level 3. HP: 22/33 MP: 2/2
   436 | D:2      | Reached skill level 5 in Axes
   450 | D:2      | Reached XP level 4. HP: 28/41 MP: 3/3
   768 | D:2      | Reached skill level 6 in Axes
   958 | D:2      | Reached XP level 5. HP: 46/47 MP: 4/4
   974 | D:2      | Found a faded altar of an unknown god.
  1085 | D:2      | Reached *** piety under Trog
  1402 | D:3      | Noticed Jessica
  1408 | D:3      | Killed Jessica
  1547 | D:3      | Noticed Htamos's ghost (amateur TeAE)
  1557 | D:3      | Killed Htamos's ghost
  1557 | D:3      | Reached skill level 5 in Fighting
  1557 | D:3      | Reached skill level 7 in Axes
  1557 | D:3      | Reached XP level 6. HP: 44/56 MP: 5/5
  1638 | D:3      | Noticed Ijyb
  1649 | D:3      | Killed Ijyb
  1668 | D:3      | Noticed Terence
  1680 | D:3      | Killed Terence
  1823 | D:3      | Reached skill level 8 in Axes
  2019 | D:4      | Found a sparkling altar of Nemelex Xobeh.
  2020 | D:4      | Found an opulent altar of Gozag.
  2080 | D:4      | Reached XP level 7. HP: 42/61 MP: 6/6
  2091 | D:4      | Noticed Htamos's ghost (amateur DEWz)
  2108 | D:4      | Killed Htamos's ghost
  2108 | D:4      | Reached skill level 9 in Axes
  2139 | D:4      | Found a sparkling altar of Nemelex Xobeh.
  2141 | D:4      | Found a shimmering altar of Xom.
  2141 | D:4      | Found an opulent altar of Gozag.
  2146 | D:4      | Found a glowing golden altar of the Shining One.
  2146 | D:4      | Found a shimmering altar of Xom.
  2146 | D:4      | Found a shimmering altar of Xom.
  2175 | D:4      | Got a heavily runed chain mail
  2186 | D:4      | Identified the cursed +1 chain mail "Onkinoili" {rPois rCorr Int+4} (You found it on level 4 of the Dungeon)
  2349 | D:4      | You fall through a shaft!
  2349 | D:5      | Entered Level 5 of the Dungeon
  2554 | D:5      | Found an ornate altar of the Wu Jian Council.
  2756 | D:5      | Reached skill level 10 in Axes
  2966 | D:5      | Found a burning altar of Makhleb.
  3281 | D:5      | Noticed Edmund
  3305 | D:5      | Killed Edmund
  3305 | D:5      | Reached XP level 8. HP: 38/71 MP: 7/7
  3387 | D:6      | Found Wocez's Weapon Emporium.
  3435 | D:6      | Found Qaedwublui's Assorted Antiques.
  3438 | D:6      | Bought a sedimented black potion for 25 gold pieces
  3438 | D:6      | Bought a viscous purple potion for 25 gold pieces
  3438 | D:6      | Bought a cyan potion for 25 gold pieces
  3438 | D:6      | Bought a scroll labeled CAHYGY OTOOWN for 28 gold pieces
  3438 | D:6      | Bought a scroll labeled TUYSHOPHEE for 28 gold pieces
  3438 | D:6      | Bought a scroll labeled FOORCH NOCLISHROMM for 28 gold pieces
  3438 | D:6      | Found Hirphuarph's Distillery.
  3441 | D:6      | Noticed kalosz4's ghost (novice HOFi)
  3471 | D:6      | Killed kalosz4's ghost
  3471 | D:6      | Reached skill level 11 in Axes
  3525 | D:6      | Found a sparkling altar of Nemelex Xobeh.
  3549 | D:6      | Found a hide-covered altar of Uskayaw.
  3565 | D:6      | Found a stormy altar of Qazlal.
  3566 | D:6      | Noticed an air elemental
  3644 | D:6      | Reached skill level 12 in Axes
  3683 | D:6      | Found Ochum's Assorted Antiques.
  3718 | D:6      | Found a snail-covered altar of Cheibriados.
  3858 | D:6      | Found a staircase to the Ecumenical Temple.
  3952 | D:7      | Noticed a cyclops
  3972 | D:7      | Killed a cyclops
  3972 | D:7      | Reached XP level 9. HP: 55/82 MP: 8/8
  4245 | D:7      | Reached skill level 13 in Axes
  4342 | D:7      | Found a hazy altar of Hepliaklqana.
  4448 | D:7      | Noticed Joseph
  4459 | D:7      | Found a bloodstained altar of Trog.
  4469 | D:7      | Reached **** piety under Trog
  4471 | D:7      | Killed Joseph
  4526 | D:7      | Found a deep blue altar of Sif Muna.
  4656 | D:7      | Noticed Duvessa
  4657 | D:7      | Noticed Dowan
  4665 | D:7      | Killed Dowan
  4665 | D:7      | Reached skill level 14 in Axes
  4669 | D:7      | Killed Duvessa
  4891 | D:8      | Found an iron altar of Okawaru.
  5110 | D:8      | Found an ornate altar of the Wu Jian Council.
  5207 | D:8      | Found a shattered altar of Ashenzari.
  5224 | D:8      | Reached XP level 10. HP: 50/90 MP: 4/9
  5235 | D:8      | Found a staircase to the Lair.
  5736 | D:9      | Reached skill level 15 in Axes
  6396 | D:10     | Entered Level 10 of the Dungeon
  6493 | D:10     | Noticed Erica
  6493 | D:10     | Noticed a two-headed ogre
  6503 | D:10     | Killed a two-headed ogre
  6503 | D:10     | Reached skill level 16 in Axes
  6505 | D:10     | HP: 6/135 [poisoned by Erica (bolt of poison)]
  6506 | D:10     | Killed Erica
  6510 | D:10     | HP: 2/90 [poisoned by Erica (bolt of poison)]
  6751 | D:10     | Noticed a two-headed ogre
  6758 | D:10     | Killed a two-headed ogre
  6758 | D:10     | Reached skill level 17 in Axes
  6838 | D:10     | Noticed Josephine
  6852 | D:10     | Killed Josephine
  6852 | D:10     | Reached XP level 11. HP: 97/97 MP: 7/10
  7054 | D:10     | Reached ***** piety under Trog
  7133 | D:10     | Reached skill level 5 in Armour
  7459 | D:10     | Noticed a wizard
  7464 | D:10     | Killed a wizard
  7464 | D:10     | Reached skill level 10 in Fighting
  8101 | Lair:1   | Entered Level 1 of the Lair of Beasts
  8647 | Lair:1   | Received a gift from Trog
  8979 | Lair:2   | Noticed a six-headed hydra
  8987 | Lair:2   | Killed a nine-headed hydra
  9190 | Lair:2   | Noticed a death yak
  9192 | Lair:2   | Noticed a death yak
  9193 | Lair:2   | Noticed a death yak
  9195 | Lair:2   | Noticed a death yak
  9196 | Lair:2   | Noticed a death yak
  9212 | Lair:2   | Killed a death yak
  9216 | Lair:2   | Killed a death yak
  9216 | Lair:2   | Reached XP level 12. HP: 66/112 MP: 11/11
  9217 | Lair:2   | Killed a death yak
  9224 | Lair:2   | Killed a death yak
  9224 | Lair:2   | Killed a death yak
  9224 | Lair:2   | Reached skill level 10 in Armour
  9940 | Lair:2   | Found a staircase to the Swamp.
 10370 | Lair:3   | Noticed a five-headed hydra
 10379 | Lair:3   | Killed a ten-headed hydra
 10427 | Lair:3   | Found a hole to the Spider Nest.
 10588 | Lair:3   | Received a gift from Trog
 10809 | Lair:3   | Reached XP level 13. HP: 117/125 MP: 4/12
 11591 | Lair:4   | Reached skill level 15 in Fighting
 12591 | Lair:5   | Found a sacrificial altar of Ru.
 13576 | Lair:6   | Entered Level 6 of the Lair of Beasts
 14118 | Lair:6   | Reached skill level 5 in Dodging
 14225 | Lair:6   | Reached skill level 15 in Armour
 14225 | Lair:6   | Reached XP level 14. HP: 107/136 MP: 4/13
 14526 | Lair:6   | Got a heavily runed pewter amulet
 14856 | Lair:6   | Found a runed door.
 14926 | Lair:6   | Paralysed by a hornet for 3 turns
 15003 | Lair:6   | Paralysed by a hornet for 1 turns
 15567 | Lair:6   | Found a staircase to the Slime Pits.
 16202 | D:11     | Identified the amulet "Filala" {+Rage rElec rN+ MR+ MP+9} (You found it on level 6 of the Lair of Beasts)
 16700 | D:12     | Noticed Erolcha
 16710 | D:12     | Killed Erolcha
 16819 | D:12     | Found Ajepp's Antique Armour Shop.
 16825 | D:12     | Bought a runed cloak for 217 gold pieces
 16825 | D:12     | Bought a runed hat for 203 gold pieces
 16825 | D:12     | Bought a pair of embroidered gloves for 217 gold pieces
 16892 | D:12     | Received a gift from Trog
 17088 | D:12     | Noticed Urug
 17102 | D:12     | Killed Urug
 17172 | D:12     | Found Ushroud's Armour Shop.
 17172 | D:12     | Found a staircase to the Orcish Mines.
 17185 | D:12     | Noticed Harold
 17197 | D:12     | Killed Harold
 18641 | D:14     | Reached skill level 18 in Axes
 18646 | D:14     | Reached XP level 15. HP: 47/146 MP: 4/14
 18728 | Orc:1    | Entered Level 1 of the Orcish Mines
 18791 | Orc:1    | Received a gift from Trog
 19075 | Orc:1    | Received a gift from Trog
 19286 | Orc:1    | Found a bloodstained altar of Trog.
 19436 | Orc:2    | Entered Level 2 of the Orcish Mines
 19436 | Orc:2    | Noticed Maurice
 19443 | Orc:2    | Killed Maurice
 19570 | Orc:2    | Found Rirampaff's Jewellery Shop.
 19579 | Orc:2    | Received a gift from Trog
 20277 | Orc:2    | Found a roughly hewn altar of Beogh.
 20314 | Orc:2    | Found Axzux's Gadget Emporium.
 20326 | Orc:2    | Found Wigheq's Jewellery Boutique.
 20456 | Orc:2    | Found Wocuwosu's Armour Emporium.
 20456 | Orc:2    | Found Teumnux's Assorted Antiques.
 20489 | Orc:2    | Bought a potion of haste for 340 gold pieces
 20489 | Orc:2    | Bought a scroll of enchant weapon for 255 gold pieces
 20568 | Orc:2    | Found a staircase to the Elven Halls.
 20906 | Swamp:1  | Entered Level 1 of the Swamp
 20995 | Swamp:1  | Reached skill level 19 in Axes
 21230 | Swamp:1  | Noticed Donald
 21241 | Swamp:1  | Killed Donald
 21272 | Swamp:1  | Reached ****** piety under Trog
 21432 | Swamp:1  | Noticed Louise
 21451 | Swamp:1  | Killed Louise
 21457 | Swamp:1  | Gained mutation: You are weak. (Str -2) [potion of mutation]
 21457 | Swamp:1  | Gained mutation: Your body sometimes deteriorates upon taking damage. [potion of mutation]
 21457 | Swamp:1  | Gained mutation: You possess an exceptional clarity of mind. [potion of mutation]
 21458 | Swamp:1  | Lost mutation: You possess an exceptional clarity of mind. [potion of mutation]
 21458 | Swamp:1  | Lost mutation: You are weak. (Str -2) [potion of mutation]
 21458 | Swamp:1  | Lost mutation: Your body sometimes deteriorates upon taking damage. [potion of mutation]
 21458 | Swamp:1  | Gained mutation: You are resistant to electric shocks. (rElec) [potion of mutation]
 21458 | Swamp:1  | Gained mutation: You possess an exceptional clarity of mind. [potion of mutation]
 21458 | Swamp:1  | Gained mutation: You have very sharp teeth. [potion of mutation]
 21510 | Swamp:1  | Received a gift from Trog
 22122 | Swamp:2  | Reached skill level 20 in Axes
 22639 | Swamp:3  | Noticed Aizul
 22648 | Swamp:3  | Killed Aizul
 22809 | Swamp:3  | Reached XP level 16. HP: 147/155 MP: 5/15
 23060 | Swamp:4  | Entered Level 4 of the Swamp
 23429 | Swamp:4  | Received a gift from Trog
 23531 | Swamp:4  | Noticed a thorn hunter
 23558 | Swamp:4  | Killed a thorn hunter
 23561 | Swamp:4  | Reached skill level 21 in Axes
 23691 | Swamp:4  | Identified a scroll of acquirement
 23796 | Swamp:4  | Got a decaying rune of Zot
 24168 | Spider:1 | Entered Level 1 of the Spider Nest
 24258 | Spider:1 | Received a gift from Trog
 24358 | Spider:1 | Noticed Agnes
 24552 | Spider:1 | Killed Agnes
 24644 | Spider:1 | Reached skill level 22 in Axes
 25429 | Spider:2 | Received a gift from Trog
 25802 | Spider:3 | Noticed Nikola
 25807 | Spider:3 | Reached XP level 17. HP: 166/166 MP: 5/16
 25833 | Spider:2 | HP: 12/249 [wolf spider (3)]
 25833 | Spider:2 | Demolished by a wolf spider

Skill      XL: |  1  2  3  4  5  6  7  8  9 10 11 12 13 14 15 16 |
---------------+-------------------------------------------------+-----
Axes           | 4 5 6 7 8 10 12 14 17 18 20 22 | 22.4
Fighting       | 4 5 6 8 9 12 14 15 16 17 18 | 18.9
Armour         | 4 9 12 15 16 | 16.9
Dodging        | 5 8 |  8.9

Action                   |  1- 3 |  4- 6 |  7- 9 | 10-12 | 13-15 | 16-18 || total
-------------------------+-------+-------+-------+-------+-------+-------++-------
Melee: Hand axe          |    51 |   150 |   327 |    20 |       |       ||   548
       Headbutt          |    12 |    37 |    64 |   136 |   326 |   107 ||   682
       War axe           |       |       |       |   514 |   722 |       ||  1236
       Executioner's axe |       |       |       |       |   696 |   408 ||  1104
       Bite              |       |       |       |       |    15 |    57 ||    72
       Battleaxe         |       |       |       |       |       |    14 ||    14
Invok: Trog's Hand       |       |       |     7 |    13 |    25 |     7 ||    52
       Berserk           |       |       |     4 |     6 |     6 |     3 ||    19
       Burn Spellbooks   |       |       |     1 |       |     2 |       ||     3
       Brothers in Arms  |       |       |       |     1 |       |       ||     1
Evoke: Wand              |       |       |     2 |       |       |       ||     2
  Use: Scroll            |       |       |     7 |     9 |    24 |     8 ||    48
       Potion            |       |       |       |     2 |     2 |     2 ||     6
 Stab: Petrified         |       |       |       |       |     2 |       ||     2
       Petrifying        |       |       |       |       |     1 |       ||     1
       Held in net/web   |       |       |       |       |       |     2 ||     2
  Eat: Chunk             |       |     4 |    13 |    16 |    21 |       ||    54
       Ration            |       |       |     1 |     4 |    14 |     3 ||    22
Armor: Animal skin       |    10 |     6 |       |       |       |       ||    16
       Ring mail         |       |    34 |     8 |       |       |       ||    42
       Plate armour      |       |       |   146 |   304 |  1199 |   427 ||  2076
       Chain mail        |       |       |     8 |       |       |       ||     8
Dodge: Dodged            |    29 |    91 |   103 |   184 |   911 |   376 ||  1694
